 Dungeon Crawl Stone Soup version 0.28-a0-206-gc2c9e32840 (console) character file.

Game seed: 9423544801375111882

153616 jejorda2 the Peltast (level 17, -37/219 HPs)
             Began as a Hill Orc Gladiator on Aug 20, 2021.
             Was a High Priest of Uskayaw.
             Killed from afar by a salamander tyrant (38 damage)
             ... with a flame surge
             ... on level 4 of the Snake Pit.
             The game lasted 01:41:28 (26694 turns).

jejorda2 the Peltast (Hill Orc Gladiator)          Turns: 26694, Time: 01:41:30

Health: -37/219    AC: 36    Str: 20    XL:     17   Next: 60%
Magic:  23/23      EV: 10    Int: 12    God:    Uskayaw [*****.]
Gold:   1897       SH: 14    Dex: 12    Spells: 16/16 levels left

rFire   . . .      SeeInvis +   A - +14 obsidian axe {vorpal, Drain Fly SInv}
rCold   + + +      Faith    .   H - +1 kite shield {rC+}
rNeg    . . .      Spirit   .   L - +8 chain mail of the Earth {rF- rC+++ Str-4 Int+4}
rPois   +          Reflect  .   J - +4 helmet "Roew" {rElec Will+}
rElec   +          Harm     .   v - +0 cloak
rCorr   .          Rampage  .   T - +2 pair of gloves {archery}
Will    ++...                   O - +0 pair of boots "Acinkitau" {rPois Regen+}
Stlth   ..........              I - amulet of regeneration
HPRegen 2.46/turn               B - +4 ring of protection
MPRegen 0.18/turn               m - ring of protection from fire

@: berserking (expiring), lethally poisoned (-37 -> -37), weakened, flying,
mesmerised, studying Maces & Flails, very quick
A: no striking features
a: Renounce Religion, Stomp, Line Pass, Grand Finale


You were on level 4 of the Snake Pit.
You worshipped Uskayaw.
Uskayaw was aware of your devotion.
You visited 5 branches of the dungeon, and saw 28 of its levels.
You also visited: Bailey and Ice Cave.

You collected 3512 gold pieces.
You spent 1615 gold pieces at shops.

Inventory:

Hand Weapons
 b - a +1 war axe of flaming
 A - the +14 obsidian axe (weapon) {vorpal, Drain Fly SInv}
   (You found it on level 10 of the Dungeon)

   It inflicts extra damage upon your enemies.
   It occasionally summons demons to assist the wielder when it strikes in
   combat.
   Its wielder is mesmerised by any visible foes.
   It cannot be unequipped while any foes are visible.
   SInv:      It lets you see invisible.
   Fly:       It grants you flight.
   Drain:     It drains your maximum health when unequipped.
Missiles
 d - 4 throwing nets
 e - 645 stones
 g - 75 poisoned darts
 p - 73 boomerangs
 q - 3 javelins (quivered)
 D - 5 silver boomerangs
 R - a curare-tipped dart
Armour
 v - a +0 cloak (worn)
 H - a +1 kite shield of cold resistance (worn)
 J - the +4 helmet "Roew" (worn) {rElec Will+}
   (You acquired it on level 8 of the Dungeon)

   rElec:     It insulates you from electricity.
   Will:      It increases your willpower.
 L - the +8 chain mail of the Earth (worn) {rF- rC+++ Str-4 Int+4}
   (You found it in an ice cave)

   Str:       It affects your strength (-4).
   Int:       It affects your intelligence (+4).
   rF:        It makes you vulnerable to fire.
   rC:        It renders you almost immune to cold.
 O - the +0 pair of boots "Acinkitau" (worn) {rPois Regen+}
   (You found it on level 3 of the Lair of Beasts)

   rPois:     It protects you from poison.
   Regen:     It increases your rate of health regeneration.
 T - a +2 pair of gloves of archery (worn)
Jewellery
 l - a ring of resist corrosion
 m - a ring of protection from fire (right hand)
 B - a +4 ring of protection (left hand)
 G - the ring of Moderation {rPois rC+ rN+ Will+ Str-4}
   (You bought it in a shop on level 6 of the Dungeon)

   [ring of poison resistance]

   Str:       It affects your strength (-4).
   rC:        It protects you from cold.
   rPois:     It protects you from poison.
   rN:        It protects you from negative energy.
   Will:      It increases your willpower.
 I - an amulet of regeneration (around neck)
 W - a ring of fire
 Z - the amulet of the Four Winds {rN+ Will+++ Clar}
   (You bought it in a shop on level 3 of the Snake Pit)

   [amulet of nothing]

   rN:        It protects you from negative energy.
   Clar:      It protects you against confusion.
   Will:      It greatly increases your willpower.
Wands
 o - a wand of iceblast (23)
 t - a wand of polymorph (27)
 y - a wand of flame (102)
 E - a wand of acid (9)
 K - a wand of paralysis (17)
 P - a wand of digging (5)
Scrolls
 f - a scroll of blinking
 h - 15 scrolls of teleportation
 r - 3 scrolls of fear
 F - 4 scrolls of fog
 M - 7 scrolls of identify
 Q - 3 scrolls of amnesia
 S - 2 scrolls of magic mapping
 U - a scroll of holy word
 X - a scroll of silence
Potions
 a - a potion of berserk rage
 c - a potion of attraction
 j - 4 potions of resistance
 k - 2 potions of mutation
 n - 2 potions of might
 s - 5 potions of heal wounds
 w - 2 potions of haste
 x - 7 potions of curing
 z - a potion of magic
 C - 3 potions of lignification
 V - a potion of cancellation
 Y - a potion of invisibility
Miscellaneous
 i - a condenser vane
 u - a lightning rod (4/4)


   Skills:
 - Level 12.0 Fighting
 - Level 14.1(16.7) Axes
 - Level 13.2(14.9) Maces & Flails
 * Level 13.6 Throwing
 - Level 12.0 Armour
 - Level 6.0 Dodging
 - Level 2.2 Stealth
 - Level 15.0 Shields
 - Level 9.0 Invocations
 - Level 9.0 Evocations


You had 16 spell levels left.
You didn't know any spells.
Your spell library contained the following spells:

 Spells                   Type           Power      Damage    Failure   Level
 Magic Dart               Conj           0%         1d3       91%         1
 Sandblast                Erth           0%         2d4       91%         1
 Blink                    Tloc           N/A        N/A       97%         2
 Call Imp                 Summ           0%         N/A       97%         2
 Passwall                 Tmut/Erth      0%         N/A       97%         2
 Searing Ray              Conj           0%         3d3       97%         2
 Frozen Ramparts          Ice            0%         1d2       99%         3
 Lesser Beckoning         Tloc           0%         N/A       99%         3
 Mephitic Cloud           Conj/Pois/Air  0%         N/A       99%         3
 Summon Guardian Golem    Hex/Summ       0%         N/A       99%         3
 Airstrike                Air            0%         N/A       100%        4
 Animate Armour           Summ/Erth      0%         N/A       100%        4
 Fulminant Prism          Conj/Hex       0%         3d6       100%        4
 Ice Form                 Ice/Tmut       0%         N/A       100%        4
 Summon Ice Beast         Ice/Summ       0%         N/A       100%        4
 Summon Lightning Spire   Summ/Air       0%         N/A       100%        4
 Lee's Rapid Deconstruct  Erth           0%         3d5*      100%        5
 Lightning Bolt           Conj/Air       0%         1d11      100%        5
 Manifold Assault         Tloc           0%         N/A       100%        5
 Iron Shot                Conj/Erth      0%         9d1       100%        6
 Statue Form              Tmut/Erth      0%         N/A       100%        6
 Orb of Destruction       Conj           0%         N/A       100%        7
 Spellforged Servitor     Conj/Summ      0%         N/A       100%        7
 Storm Form               Tmut/Air       0%         N/A       100%        7


Dungeon Overview and Level Annotations

Branches:
Dungeon (15/15)            Temple (1/1) D:6            Lair (6/6) D:10
 Shoals (0/4) Lair:4        Snake (4/4) Lair:2        Slime (0/5) Lair:5
    Orc (2/2) D:9             Elf (0/3) Orc:2        Vaults (0/5) D:13
 Depths (0/5) D:15         Bailey (visited)           IceCv (visited)

Altars:
Ashenzari
Cheibriados
Dithmenos
Elyvilon
Fedhas
Gozag
Hepliaklqana
Kikubaaqudgha
Makhleb
Nemelex Xobeh
Okawaru
Qazlal
Ru
Sif Muna
Trog
Uskayaw
Vehumet
Wu Jian
Xom
Yredelemnul
Zin
The Shining One
Beogh

Shops:
D:6 =   D:8 *   Orc:1 =   Orc:2 (?=!   Snake:1 !   Snake:2 ?   Snake:3 :==

Annotations:
D:8 3 runed translucent doors, freelancePsychic's ghost, novice HuCj
Snake:2 2 transporters, gregwegmann's ghost, adept MiBe


Message History

The naga ritualist is no longer paralysed. x2
The salamander is no longer paralysed.
The naga ritualist spits poison at you. You block the splash of poison.
The salamander hits you from afar with a +0 halberd.
* * * LOW HITPOINT WARNING * * *
You are engulfed in flames!
* * * LOW HITPOINT WARNING * * *
You can now merge with and destroy a victim.
You slash the salamander mystic!
The salamander mystic is moderately wounded.
Visions of slaying the salamander mystic flood into your mind.
You block the salamander's attack. The naga ritualist spits poison at you.
The splash of poison hits you but does no damage.
You are poisoned.
You resist.
You slash the salamander mystic!
The salamander mystic is heavily wounded.
You feel sick.
The salamander mystic is no longer sharing its pain.
The salamander is no longer sharing its pain.
You block the naga ritualist's attack.
The salamander hits you from afar with a +0 halberd.
* * * LOW HITPOINT WARNING * * *
You are engulfed in flames!
* * * LOW HITPOINT WARNING * * *
A naga warrior comes into view. It is wielding a +4 glaive.
Visions of slaying the salamander tyrant flood into your mind.
You feel sick.
The salamander hits you with a +0 trident!
* * * LOW HITPOINT WARNING * * *
You are engulfed in flames!
* * * LOW HITPOINT WARNING * * *
The lindwurm breathes flames at you. The blast of flame hits you!
* * * LOW HITPOINT WARNING * * *
The salamander tyrant calls gouts of flame from the lava!
The flame surge hits you!!!
You die...

≈≈≈§§§|..
≈≈≈§§≈...
≈≈≈≈≈#'####
.§§§§..k...#
N.≈§.......#
.S≈§....N..#
§§≈≈≈..)N.N#
§§≈≈≈N@)N.#
§§≈≈≈≈≈N..##
≈≈§≈§≈≈≈≈...##
#######≈≈≈...##
# ###≈≈≈..##
####. ##≈≈§§§##
#..#. ##§§§§§##
.....
##§§§§.##.....
##§§§..##....


You could see a naga warrior, a salamander tyrant (mesmerising, pain bonded), a
salamander mystic, 2 salamanders, 2 naga ritualists, a lindwurm (catching
breath, pain bonded) and a guardian serpent.

Vanquished Creatures
  Rupert (Lair:6)
  Roxanne (D:14)
  A nagaraja (Snake:2)
  A fire dragon (Lair:6)
  An ettin (Orc:1)
  6 naga warriors
  Josephine (D:11)
  6 boulder beetles
  10 hydras
  Erica (D:8)
  A catoblepas (Lair:6)
  5 centaur warriors
  2 ogre magi (Orc:2)
  3 anacondas
  A death knight (D:15)
  12 two-headed ogres
  10 death yaks
  2 tengu warriors
  15 naga sharpshooters
  6 shock serpents
  3 salamander mystics
  2 naga ritualists (Snake:1)
  2 deep trolls
  A swamp dragon (Lair:6)
  2 wizards (D:15)
  A deep elf archer (D:13)
  An orc knight (Bailey)
  A lindwurm (Lair:6)
  7 mana vipers
  A deep elf pyromancer (D:12)
  3 deep elf zephyrmancers (D:13)
  An orc sorcerer (D:15)
  4 ugly things
  7 elephants
  3 oklob plants
  8 salamanders
  5 cyclopes
  5 manticores
  2 guardian serpents
  28 black mambas
  A torpor snail (shapeshifter) (D:14)
  An ice statue (IceCv)
  A torpor snail (Lair:6)
  10 naga magi
  2 gargoyles
  10 cane toads
  An unseen horror (D:12)
  3 yaktaurs (D:13)
  2 freezing wraiths
  9 komodo dragons
  3 rime drakes (Lair:6)
  A tengu conjurer (D:13)
  13 trolls
  A polar bear (Lair:3)
  A hornet (Lair:6)
  A merfolk (D:8)
  4 slime creatures (D:14)
  Grinder (D:4)
  A meliai zombie (D:10)
  7 blink frogs
  A dream sheep (Lair:6)
  A spriggan (shapeshifter) (D:10)
  4 water elementals
  A vampire (D:12)
  6 wraiths (D:11)
  6 wyverns
  32 yaks
  Eustachio (D:5)
  6 vampire mosquitoes
  2 steam dragons
  5 basilisks
  3 wargs (D:10)
  29 nagas
  2 acid dragons (Lair:6)
  7 water moccasins
  2 ice beasts (D:5)
  2 black bears
  2 swamp drakes (Lair:6)
  17 orc warriors
  21 ogres
  3 necrophages
  2 sky beasts
  18 wolves
  10 centaurs
  A phantom (D:7)
  10 bullfrogs
  A wyvern zombie (D:8)
  A kobold brigand (D:13)
  19 killer bees
  15 wights
  A howler monkey (D:10)
  4 electric eels
  4 centaur zombies
  6 hounds
  12 orc priests
  2 gnoll shamans
  2 jellies
  Crazy Yiuf (D:5)
  A bullfrog skeleton (D:5)
  5 iguanas
  Natasha (thrice) (D:4)
  Ijyb (D:5)
  17 orc wizards
  2 polar bear simulacra (IceCv)
  7 hell rats (Lair:3)
  2 killer bee zombies (D:7)
  A howler monkey zombie (D:6)
  9 adders
  21 gnolls
  3 shadow imps
  2 white imps
  An adder zombie (D:5)
  4 worms
  A dart slug (D:2)
  72 orcs
  5 ball pythons
  15 endoplasms
  3 giant cockroaches
  5 hobgoblins
  6 jackals
  4 quokkas
  3 bats
  5 frilled lizards
  15 goblins
  19 kobolds
  6 rats
746 creatures vanquished.

Vanquished Creatures (collateral kills)
  A quicksilver ooze (Lair:2)
  An ettin (D:15)
  6 hydras
  An ogre mage (D:15)
  4 anacondas
  5 death yaks
  3 two-headed ogres
  2 naga sharpshooters
  Nergalle (Orc:1)
  A shock serpent (Snake:3)
  A deep troll (Orc:2)
  A deep elf zephyrmancer (D:13)
  3 mana vipers
  A deep elf pyromancer (D:13)
  4 oklob plants
  3 salamanders (Snake:2)
  A manticore (Lair:6)
  An ice statue (IceCv)
  2 black mambas (Snake:1)
  5 elephants
  3 naga magi
  4 cane toads
  2 komodo dragons
  A tengu conjurer (D:13)
  A troll (D:13)
  A hornet (Lair:6)
  A blink frog (Lair:2)
  8 dream sheep (Lair:6)
  A wraith (D:13)
  14 yaks
  A basilisk (Lair:1)
  A vampire mosquito (D:14)
  5 nagas
  5 water moccasins
  2 orc warriors
  An ogre (Orc:2)
  3 wolves
  A boggart (D:13)
  A kobold brigand (D:13)
  4 bullfrogs
  3 electric eels
  An orc priest (Orc:2)
  An iguana (Lair:6)
  An orc wizard (Orc:1)
  A goblin (D:11)
  A bush (Lair:3)
115 creatures vanquished.

Vanquished Creatures (others)
  A bush (D:2)
  35 fungi
  45 plants
81 creatures vanquished.

Grand Total: 942 creatures vanquished

Notes
Turn   | Place    | Note
-------+----------+-------------------------------------------
     0 | D:1      | jejorda2 the Hill Orc Gladiator began the quest for the
                  | Orb.
     0 | D:1      | Reached XP level 1. HP: 18/18 MP: 1/1
   548 | D:1      | Reached XP level 2. HP: 25/25 MP: 2/2
   662 | D:1      | Found a faded altar of an unknown god.
   670 | D:1      | Reached skill level 1 in Armour
   940 | D:1      | Reached XP level 3. HP: 30/30 MP: 3/3
  1359 | D:2      | Reached skill level 5 in Axes
  1670 | D:2      | Reached XP level 4. HP: 14/38 MP: 4/4
  2413 | D:3      | Found a glowing golden altar of the Shining One.
  2991 | D:2      | Reached XP level 5. HP: 45/45 MP: 5/5
  3421 | D:3      | Found a radiant altar of Vehumet.
  3876 | D:3      | Reached XP level 6. HP: 20/52 MP: 6/6
  4377 | D:4      | Noticed Natasha
  4382 | D:4      | Killed Natasha
  4390 | D:4      | Found a bloodstained altar of Trog.
  4409 | D:4      | Noticed a necrophage
  4432 | D:4      | Reached XP level 7. HP: 40/60 MP: 7/7
  4438 | D:4      | Reached skill level 5 in Fighting
  4573 | D:4      | Noticed Natasha
  4582 | D:4      | Killed Natasha
  4895 | D:4      | Noticed Natasha
  4905 | D:4      | Killed Natasha
  5136 | D:4      | Reached skill level 1 in Maces & Flails
  5146 | D:4      | Noticed Grinder
  5147 | D:4      | Paralysed by Grinder for 6 turns
  5171 | D:4      | Killed Grinder
  5172 | D:4      | Reached XP level 8. HP: 48/70 MP: 8/8
  5298 | D:5      | Entered Level 5 of the Dungeon
  5319 | D:5      | Noticed Ijyb
  5339 | D:5      | Killed Ijyb
  5598 | D:5      | Reached skill level 5 in Armour
  5614 | D:5      | Reached skill level 1 in Evocations
  5785 | D:5      | Reached skill level 5 in Maces & Flails
  5928 | D:5      | Found a runed translucent door.
  5929 | D:5      | Noticed Crazy Yiuf
  5939 | D:5      | Killed Crazy Yiuf
  6103 | D:5      | Noticed Eustachio
  6104 | D:5      | Found a white marble altar of Elyvilon.
  6115 | D:5      | Killed Eustachio
  6121 | D:5      | Reached XP level 9. HP: 55/75 MP: 9/9
  6208 | D:5      | Became a worshipper of Elyvilon the Healer
  6328 | D:5      | Reached skill level 1 in Invocations
  6376 | D:5      | Reached skill level 10 in Axes
  6519 | D:6      | Found Lalobben's Jewellery Shop.
  6564 | D:6      | Found a glowing silver altar of Zin.
  6658 | D:6      | Found a staircase to the Ecumenical Temple.
  7400 | D:7      | Reached * piety under Elyvilon
  8413 | D:7      | Reached skill level 5 in Invocations
  8413 | D:7      | Reached XP level 10. HP: 83/83 MP: 13/13
  8572 | D:8      | Identified a scroll of acquirement
  8572 | D:8      | Acquired the +4 helmet "Roew" {rElec Will+}
  8662 | D:8      | Reached skill level 5 in Evocations
  8830 | D:8      | Found Qysigat's General Store.
  8891 | D:8      | Found a runed translucent gate.
  8921 | D:8      | Found a runed translucent gate.
  8921 | D:8      | Found a runed translucent gate.
  8922 | D:8      | Noticed freelancePsychic's ghost (novice HuCj)
  9015 | D:8      | Reached ** piety under Elyvilon
  9077 | D:8      | Noticed a two-headed ogre
  9078 | D:8      | a two-headed ogre changed into a merfolk
  9275 | D:8      | Noticed Erica
  9286 | D:8      | Killed Erica
  9480 | D:9      | Reached skill level 10 in Maces & Flails
  9808 | D:9      | Found a snail-covered altar of Cheibriados.
 10075 | D:9      | Noticed a two-headed ogre
 10091 | D:9      | Killed a two-headed ogre
 10483 | D:9      | Reached *** piety under Elyvilon
 10801 | D:9      | Found a staircase to the Orcish Mines.
 10866 | D:9      | Noticed a gargoyle
 10873 | D:9      | Killed a gargoyle
 10874 | D:9      | Reached XP level 11. HP: 82/89 MP: 17/17
 11111 | D:10     | Entered Level 10 of the Dungeon
 11116 | D:10     | Found an opulent altar of Gozag.
 11117 | D:10     | Noticed a two-headed ogre
 11130 | D:10     | Killed a two-headed ogre
 11519 | D:10     | Found a staircase to the Lair.
 11805 | D:10     | Identified the +7 hand axe "Killer Bee's Doom" {protect,
                  | rC+}
 12014 | D:10     | Found a hide-covered altar of Uskayaw.
 12103 | D:10     | Reached **** piety under Elyvilon
 12350 | D:10     | Found a burning altar of Makhleb.
 12448 | D:10     | Noticed a seven-headed hydra
 12448 | D:10     | Noticed a five-headed hydra
 12459 | D:10     | Killed a two-headed hydra
 12460 | D:10     | Pacified a five-headed hydra
 12512 | D:10     | Noticed a boulder beetle
 12527 | D:10     | Pacified a boulder beetle
 12597 | D:10     | Identified the +8 quarterstaff of Revolt {holy, SInv}
 12607 | D:10     | Found the +14 obsidian axe {vorpal, Drain Fly SInv}
 12760 | Temple   | Entered the Ecumenical Temple
 13153 | D:10     | Fell from the grace of Elyvilon
 13153 | D:10     | Became a worshipper of Uskayaw the Reveller
 13212 | Lair:1   | Entered Level 1 of the Lair of Beasts
 13229 | Lair:1   | Reached * piety under Uskayaw
 13231 | Lair:1   | Reached ** piety under Uskayaw
 13245 | Lair:1   | Reached *** piety under Uskayaw
 13250 | Lair:1   | Reached **** piety under Uskayaw
 13325 | Lair:1   | Reached skill level 1 in Stealth
 13325 | Lair:1   | Reached XP level 12. HP: 94/97 MP: 18/18
 13476 | Lair:1   | Found a frozen archway.
 13501 | IceCv    | Entered an ice cave
 13548 | IceCv    | Found a transporter.
 13577 | IceCv    | Found a transporter.
 13582 | IceCv    | Reached skill level 1 in Shields
 13594 | IceCv    | Reached skill level 2 in Shields
 13608 | IceCv    | Identified the +8 chain mail of the Earth {rF- rC+++ Str-4
                  | Int+4}
 13693 | Lair:1   | Reached skill level 3 in Shields
 14114 | D:6      | Bought a ring of resist corrosion for 300 gold pieces
 14338 | Lair:1   | Reached skill level 4 in Shields
 14341 | Lair:1   | Reached ***** piety under Uskayaw
 14342 | Lair:1   | Reached skill level 5 in Shields
 14392 | Lair:1   | Identified the +4 ring mail of Viteuhas {rElec Regen+}
 14558 | D:6      | Bought the ring of Moderation {rPois rC+ rN+ Will+ Str-4}
                  | for 531 gold pieces
 14800 | Lair:2   | Reached skill level 6 in Shields
 14808 | Lair:2   | Reached skill level 7 in Shields
 14809 | Lair:2   | Reached ****** piety under Uskayaw
 14984 | Lair:2   | Noticed a four-headed hydra
 14985 | Lair:2   | Noticed a quicksilver ooze
 14985 | Lair:2   | a four-headed hydra changed into a quicksilver ooze
 14989 | Lair:2   | Killed a quicksilver ooze
 14990 | Lair:2   | Reached skill level 8 in Shields
 15200 | Lair:2   | Found a staircase to the Snake Pit.
 15231 | Lair:2   | Reached skill level 9 in Shields
 15240 | Lair:2   | Noticed a death yak
 15241 | Lair:2   | Noticed a death yak
 15242 | Lair:2   | Noticed a death yak
 15247 | Lair:2   | Killed a death yak
 15251 | Lair:2   | Killed a death yak
 15254 | Lair:2   | Killed a death yak
 15483 | Lair:2   | Reached skill level 10 in Shields
 15483 | Lair:2   | Reached XP level 13. HP: 105/105 MP: 19/19
 15657 | Lair:3   | Reached skill level 11 in Shields
 15741 | Lair:3   | Identified the +0 pair of boots "Acinkitau" {rPois Regen+}
 15787 | Lair:3   | Reached skill level 12 in Shields
 15797 | Lair:3   | Identified the +4 scale mail of Inevitability {rPois}
 16572 | Lair:4   | Reached skill level 13 in Shields
 16660 | Lair:4   | Reached skill level 14 in Shields
 16914 | Lair:4   | Found a staircase to the Shoals.
 17254 | Lair:5   | Reached XP level 14. HP: 113/113 MP: 20/20
 17606 | Lair:5   | Reached skill level 15 in Shields
 17752 | Lair:5   | Found a staircase to the Slime Pits.
 18033 | Lair:6   | Entered Level 6 of the Lair of Beasts
 18046 | Lair:6   | Noticed Rupert
 18053 | Lair:6   | Killed Rupert
 18189 | Lair:6   | Reached skill level 5 in Dodging
 19105 | D:11     | Reached XP level 15. HP: 126/126 MP: 21/21
 19106 | D:11     | Noticed Josephine
 19117 | D:11     | Killed Josephine
 19136 | D:11     | Found the +8 longbow "Zephyr" {speed, Dex+3 SInv}
 19159 | D:11     | Reached skill level 10 in Fighting
 19171 | D:11     | Found a flagged portal.
 19176 | Bailey   | Entered a bailey
 19330 | Bailey   | Identified the +10 shortbow of Equilibrium {venom, rF+}
 20907 | D:13     | Found an iron altar of Okawaru.
 21114 | D:13     | Reached skill level 10 in Armour
 21416 | D:13     | Found a gate to the Vaults.
 21623 | D:14     | Reached skill level 5 in Throwing
 21699 | D:14     | Identified Roxanne's Grimoire of the Mountains
 21699 | D:14     | Noticed Roxanne
 21726 | D:14     | Killed Roxanne
 22379 | D:15     | Entered Level 15 of the Dungeon
 22462 | D:15     | Found a staircase to the Depths.
 22604 | D:15     | Reached XP level 16. HP: 138/138 MP: 22/22
 23069 | Orc:1    | Entered Level 1 of the Orcish Mines
 23281 | Orc:2    | Entered Level 2 of the Orcish Mines
 23334 | Orc:2    | Found a staircase to the Elven Halls.
 23388 | Orc:2    | Found a roughly hewn altar of Beogh.
 23613 | Orc:2    | Found Pod Nonlesiz's Jewellery Shop.
 23665 | Orc:2    | Found Bakar's Distillery.
 23668 | Orc:2    | Found Myskyoc's Magic Scroll Shoppe.
 23684 | Orc:2    | Bought a potion of cancellation for 80 gold pieces
 23693 | Orc:2    | Found Ighaeloceu's Weapon Boutique.
 23871 | Orc:1    | Found Hopum's Jewellery Shoppe.
 24031 | Orc:1    | Noticed Nergalle
 24050 | Orc:1    | Killed Nergalle
 24077 | Orc:1    | Found a roughly hewn altar of Beogh.
 24256 | Snake:1  | Entered Level 1 of the Snake Pit
 24479 | Snake:1  | Reached skill level 10 in Throwing
 24488 | Snake:1  | Found Ocutwier's Distillery.
 25045 | Snake:2  | Noticed gregwegmann's ghost (adept MiBe)
 25047 | Snake:2  | Found a bloodstained altar of Trog.
 25050 | Snake:2  | Noticed a nagaraja
 25069 | Snake:2  | Killed a nagaraja
 25070 | Snake:2  | Reached XP level 17. HP: 90/146 MP: 23/23
 25252 | Snake:2  | Found a transporter.
 25252 | Snake:2  | Found a transporter.
 25462 | Snake:2  | Found Nicuck's Magic Scroll Boutique.
 25495 | Snake:2  | Bought a scroll of enchant armour for 90 gold pieces
 26310 | Snake:3  | Found Hohus's Book Shoppe.
 26310 | Snake:3  | Found Etirur's Jewellery Shop.
 26311 | Snake:3  | Found Jius's Jewellery Shop.
 26336 | Snake:3  | Bought the amulet of the Four Winds {rN+ Will+++ Clar} for
                  | 614 gold pieces
 26336 | Snake:3  | Found the amulet of the Four Winds {rN+ Will+++ Clar}
 26501 | Snake:4  | Entered Level 4 of the Snake Pit
 26522 | Snake:4  | Identified the +1 robe "Waluf" {rF+ Int+3}
 26694 | Snake:4  | HP: 1/219 [lindwurm/blast of flame (11)]
 26694 | Snake:4  | Killed from afar by a salamander tyrant

Illustrated notes

Levels and vault maps discovered:
D:1:      erik_arrival_orb_chamber, layout_basic,
          hellmonk_ecumenical_altar_blasted
D:2:      layout_rooms, ebering_dispersal_statue_hall, corexii_shack,
          minmay_hedge_maze
D:3:      minmay_octagon_keep, layout_rooms, mainiacjoe_overflow_paths,
          old_standard_altar
D:4:      layout_rooms, mainiacjoe_overflow_boulevard, serial_aquarium,
          aquarium_bridge_square [aquarium_subvault_wall,
          aquarium_subvault_wall, aquarium_subvault_bridge,
          aquarium_subvault_bridge], aquarium_bridge_long_separate
          [aquarium_subvault_bridge, aquarium_subvault_wall,
          aquarium_subvault_bridge, aquarium_subvault_bridge,
          aquarium_subvault_window, aquarium_subvault_window],
          aquarium_window_fake, aquarium_window_fake, aquarium_window_3,
          aquarium_view_2d, aquarium_view_2b, minmay_manual_mares, uniq_natasha,
          uniq_grinder
D:5:      layout_loops_ring, mainiacjoe_overflow_alcove_2, uniq_eustachio,
          uniq_ijyb, uniq_crazy_yiuf_cottage
D:6:      layout_gridville, overflow_temple_1_default,
          minmay_temple_entry_glass, serial_shops, shop, kennysheep_potato
D:7:      layout_gridville
D:8:      layout_loops_ring, serial_shops, kennysheep_little_box,
          gammafunk_ghost_nasty_kobolds, uniq_erica
D:9:      layout_stronghold, amcnicky_altar_gilded, hiddenorc1_lemuel
D:10:     minmay_blocky_corners, layout_cave_pods, lemuel_doored_altar,
          lemuel_round_altar, nicolae_gozag_seed_capital,
          erik_lair_orcish_takeover, minmay_misc_feat_rugged
D:11:     layout_rooms, enter_bailey_3, uniq_josephine
D:12:     layout_stronghold
D:13:     layout_basic, hangedman_vaults_entry_quadrant_bands, serial_bayou,
          serial_bayou_pond_e, serial_bayou_pond_d, serial_bayou_pond_b,
          serial_bayou_ford_a, okawaru_ov_weapons_minmay
D:14:     layout_basic, uniq_roxanne
D:15:     hangedman_depths_entry_civil_slaughter, layout_basic
Temple:   oiseaux_autumnal_temple
Lair:1:   layout_cave_shapes, portal_ice_cave_entry_pillars_1,
          grunt_megastairs_2, infiniplex_staircase_pool,
          minmay_lair_oklob_chamber
Lair:2:   layout_regular_city, minmay_snake_entry_guardpost_small,
          lemuel_fruit_tree, serial_bayou_shore_a
Lair:3:   layout_regular_city
Lair:4:   layout_gridlike, elwin_shoals_entry_rooms,
          chequers_serial_rivers_marsh, grunt_megastairs_1
Lair:5:   layout_gridlike, minmay_slime_entry_oklob_enclosed
Lair:6:   guppyfry_lair_end_dragon, layout_hall_layers,
          hangedman_lair_in_review, grunt_megastairs_5, uniq_rupert
Snake:1:  layout_misc_corridors, serial_shops, shop
Snake:2:  layout_onion_interference, serial_shops, nicolae_shop_behind_doors,
          gammafunk_ghost_wrathful_warriors
Snake:3:  layout_gridlike, grunt_megastairs_3, minmay_shop_grove
Snake:4:  snake_pit_salamanders_mu, layout_chambers, minmay_shop_star
Orc:1:    layout_diamond_mine, serial_shops, nicolae_shop_crystal, basic_altar,
          uniq_nergalle
Orc:2:    st_orc_open, layout_caves, mines1_david

Skill      XL: |  1  2  3  4  5  6  7  8  9 10 11 12 13 14 15 16 17 |
---------------+----------------------------------------------------+-----
Armour         | 1 2 3 4 5 6 7 9 10 12 | 12.0
Fighting       | 3 4 5 6 7 9 11 12 | 12.0
Axes           | 5 6 7 8 9 11 12 14 | 14.1
Maces & Flails | 2 5 8 11 13 | 13.2
Evocations     | 2 4 6 8 9 |  9.0
Invocations    | 5 8 9 |  9.0
Dodging        | 3 5 6 |  6.0
Stealth        | 1 2 |  2.2
Shields        | 10 14 15 | 15.0
Throwing       | 6 11 13 | 13.6

Action                   |  1- 3 |  4- 6 |  7- 9 | 10-12 | 13-15 | 16-18 || total
-------------------------+-------+-------+-------+-------+-------+-------++-------
Melee: War axe           |   125 |   220 |   297 |   192 |       |       ||   834
       Hand axe          |       |       |       |   148 |       |       ||   148
       Broad axe         |       |       |       |   139 |   635 |   432 ||  1206
Throw: Throwing net      |       |     1 |     2 |       |       |       ||     3
       Dart              |       |       |       |    14 |     5 |     2 ||    21
       Javelin           |       |       |       |       |       |     2 ||     2
Invok: Heal Other        |       |       |       |     4 |       |       ||     4
       Line Pass         |       |       |       |       |     2 |     2 ||     4
Evoke: Lightning rod     |       |     1 |     6 |     3 |       |       ||    10
       Wand              |       |       |       |     2 |       |       ||     2
       Condenser vane    |       |       |       |     1 |       |     1 ||     2
  Use: Scroll            |       |     9 |     6 |    10 |     3 |     3 ||    31
       Potion            |       |       |       |     1 |     1 |     1 ||     3
 Stab: Sleeping          |     1 |       |       |       |       |       ||     1
       Petrifying        |       |       |       |     1 |       |       ||     1
       Paralysed         |       |       |       |    11 |    63 |    72 ||   146
       Distracted        |       |       |       |       |     6 |     4 ||    10
       Confused          |       |       |       |       |     1 |       ||     1
       Invisible         |       |       |       |       |     1 |       ||     1
Armor: Leather armour    |     9 |       |       |       |       |       ||     9
       Plate armour      |    21 |    95 |   181 |   201 |       |       ||   498
       Chain mail        |       |       |       |    20 |   370 |   191 ||   581
Dodge: Dodged            |    57 |    46 |    94 |   123 |   183 |   101 ||   604
Block: Other             |    29 |    43 |    65 |    52 |       |       ||   189
       Reflection        |       |     1 |     1 |     2 |       |       ||     4
       Kite shield       |       |       |       |    31 |   410 |   278 ||   719

Table legend: (Time is in decaauts)
 A = Elapsed time spent in this place.
 B = Non-inter-level travel time spent in this place.
 C = Inter-level travel time spent in this place.
 D = Time resting spent in this place.
 E = Time spent auto-exploring this place.
 F = Levels seen in this place.
 G = Mean time per level.
                   A        B        C        D        E       F      G
               +--------+--------+--------+--------+--------+-----+--------+
         Total |  26454 |  23793 |   2661 |   1247 |  17813 |  30 |  881.8 |
       Dungeon |  17107 |  15321 |   1786 |   1027 |  11678 |  15 | 1140.5 |
        Temple |    270 |    236 |     34 |      0 |    235 |   1 |  270.0 |
          Lair |   5328 |   4788 |    540 |    150 |   3638 |   6 |  888.0 |
     Snake Pit |   2186 |   2027 |    159 |     29 |   1463 |   4 |  546.5 |
  Orcish Mines |   1081 |    941 |    140 |      7 |    710 |   2 |  540.5 |
        Bailey |    332 |    332 |      0 |      4 |     88 |   1 |  332.0 |
      Ice Cave |    147 |    147 |      0 |     29 |      0 |   1 |  147.0 |
               +--------+--------+--------+--------+--------+-----+--------+

Top non-repeatable levels by time:
     D:3: 1834 daAuts
     D:9: 1765 daAuts
    D:10: 1738 daAuts
     D:1: 1532 daAuts
     D:7: 1280 daAuts
     D:6: 1240 daAuts
     D:5: 1170 daAuts
  Lair:1: 1067 daAuts
     D:4: 1060 daAuts
     D:2: 1020 daAuts
     D:8: 968 daAuts
  Lair:2: 900 daAuts
  Lair:6: 899 daAuts
    D:13: 890 daAuts
    D:12: 851 daAuts
